 Dungeon Crawl Stone Soup version 0.29.1-1-gd02db6906a (webtiles) character file.

Game seed: 2177449386630492071

17262 Icepheonix32 the Fighter (level 12, -52/115 HPs)
             Began as a Minotaur Fighter on Sept 20, 2022.
             Was a Priest of Okawaru.
             Annihilated by an enormous slime creature (72 damage)
             ... on level 12 of the Dungeon.
             The game lasted 00:24:08 (14522 turns).

Icepheonix32 the Fighter (Minotaur Fighter)        Turns: 14522, Time: 00:24:09

Health: -52/115    AC: 16    Str: 20    XL:     12   Next: 17%
Magic:  11/11      EV: 13    Int:  5    God:    Okawaru [***...]
Gold:   692        SH:  6    Dex: 14    Spells: 11/11 levels left

rFire   . . .      SeeInvis .   m - +5 hand axe (holy)
rCold   . . .      Faith    +   c - +0 buckler
rNeg    . . .      Spirit   .   b - +0 scale mail
rPois   .          Reflect  .   (helmet restricted)
rElec   +          Harm     .   s - +2 cloak
rCorr   .          Rampage  .   t - +0 pair of gloves
Will    +....                   o - +0 pair of boots
Stlth   +.........              C - amulet of faith
HPRegen 0.29/turn               z - ring of willpower
MPRegen 0.12/turn               B - +4 ring of slaying

@: no status effects
A: horns 2, retaliatory headbutt, hooves 1, shaggy fur 1, electricity
resistance, weak 1
a: Renounce Religion, Heroism


You were on level 12 of the Dungeon.
You worshipped Okawaru.
Okawaru was most pleased with you.
You visited 2 branches of the dungeon, and saw 13 of its levels.
You also visited: Sewer.

You collected 692 gold pieces.

Inventory:

Hand Weapons
 d - a +2 flail of holy wrath
 m - a +5 hand axe of holy wrath (weapon)
 y - a +0 flail of pain
 A - a +3 short sword of venom
 H - a +1 scimitar of flaming
 K - a +0 spectral quarterstaff
 M - a +1 long sword of electrocution
 Q - a +3 scimitar of freezing
 R - a +3 mace
Missiles
 E - a boomerang (quivered)
 U - a throwing net
Armour
 b - a +0 scale mail (worn)
 c - a +0 buckler (worn)
 o - a +0 pair of boots (worn)
 s - a +2 cloak (worn)
 t - a +0 pair of gloves (worn)
 N - a +0 kite shield
Jewellery
 w - a ring of willpower
 x - an amulet of guardian spirit
 z - a ring of willpower (left hand)
 B - a +4 ring of slaying (right hand)
 C - an amulet of faith (around neck)
 F - an amulet of the acrobat
 S - an amulet of regeneration
 V - a ring of protection from fire
Wands
 f - a wand of light (1)
 n - a wand of flame (20)
 D - a wand of polymorph (10)
 I - a wand of paralysis (9)
Scrolls
 a - 3 scrolls of identify
 e - 4 scrolls of fog
 h - 3 scrolls of immolation
 i - 2 scrolls of fear
 k - 3 scrolls of teleportation
 l - 2 scrolls of poison
 p - a scroll of vulnerability
 v - 3 scrolls of blinking
 G - 2 scrolls of enchant armour
 L - a scroll of amnesia
 O - a scroll of magic mapping
Potions
 g - a potion of resistance
 j - 3 potions of heal wounds
 q - 3 potions of flight
 r - 4 potions of curing
 u - a potion of mutation
 J - 3 potions of might
 P - 2 potions of haste
 T - a potion of brilliance


   Skills:
 * Level 13.2 Fighting
 + Level 13.0 Axes
 + Level 3.3 Throwing
 + Level 10.3 Armour
 + Level 7.5 Dodging
 + Level 3.1 Stealth
 + Level 8.0 Shields
 + Level 1.1 Evocations


You had 11 spell levels left.
You didn't know any spells.
Your spell library contained the following spells:

 Spells                   Type           Power      Damage    Failure   Level
 Necrotise                Necr           0%         1d4       85%         1
 Ensorcelled Hibernation  Hex/Ice        0%         N/A       94%         2
 Passwall                 Tmut/Erth      0%         N/A       94%         2
 Swiftness                Air            0%         N/A       99%         3
 Vampiric Draining        Necr           0%         2d6       99%         3
 Agony                    Necr           0%         N/A       100%        5


Dungeon Overview and Level Annotations

Branches:
Dungeon (12/15)            Temple (1/1) D:7            Lair (0/5) D:10
    Orc (0/2) D:11          Sewer (visited)

Altars:
Ashenzari
Cheibriados
Dithmenos
Elyvilon
Fedhas
Gozag
Hepliaklqana
Kikubaaqudgha
Makhleb
Nemelex Xobeh
Okawaru
Qazlal
Ru
Sif Muna
Trog
Uskayaw
Vehumet
Wu Jian
Xom
Yredelemnul
Zin
The Shining One


Innate Abilities, Weirdness & Mutations

You have a pair of horns on your head.
You reflexively headbutt those who attack you in melee.
You have large cloven feet.
You are covered in fur. (AC +1)
You are resistant to electric shocks. (rElec)
You are weak. (Str -2)


Message History

A slime creature comes into view.
The slime creature closely misses you. You furiously retaliate!
You headbutt the slime creature! You slash the slime creature!
The slime creature is heavily wounded.
Two slime creatures merge to form a large slime creature.
Two slime creatures merge to form a very large slime creature.
You slash the very large slime creature!
The very large slime creature is moderately wounded.
You hit the very large slime creature.
The very large slime creature is moderately wounded.
You slash the very large slime creature!
You headbutt the very large slime creature!
The very large slime creature is moderately wounded.
You block the very large slime creature's attack.
You slash the very large slime creature!
You headbutt the very large slime creature!
The very large slime creature is heavily wounded.
The very large slime creature hits you!!
You hit the very large slime creature.
You headbutt the very large slime creature!
The very large slime creature is heavily wounded.
You slash the very large slime creature!
The very large slime creature is severely wounded.
Two slime creatures merge to form an enormous slime creature.
You slash the enormous slime creature!
You headbutt the enormous slime creature!
The enormous slime creature is heavily wounded.
The enormous slime creature barely misses you.
You slash the enormous slime creature!
You headbutt the enormous slime creature!
The enormous slime creature is severely wounded.
The enormous slime creature attacks as you move away!
The enormous slime creature hits you!!!
Ouch! That really hurt!
* * * LOW HITPOINT WARNING * * *
The enormous slime creature attacks as you move away!
The enormous slime creature hits you!!!!
Ouch! That really hurt!
You die...

#.#........#.###
#...).#....[.#
#............+
#............#
#.##....#####..
#.....#.+...#.#
#.....#.#...#
#.....#.#...##
#.....#.#.@..#
#.......#'#J##
#...###...#.#
#.#.# #...#..
#...+ #.#.#...
#... +.#.#?...
## #.#
#.#.#..... #. #.
#.#.#......
##.#.
#...#.......
..##


You could see an enormous slime creature.

Vanquished Creatures
  Josephine (D:10)
  Erica (D:7)
  3 two-headed ogres
  A shock serpent (D:12)
  A skeletal warrior (D:8)
  Pikel (D:5)
  2 ugly things
  An elephant (D:10)
  A gargoyle (D:9)
  A komodo dragon (D:11)
  An unseen horror (D:11)
  A hornet (D:8)
  Grinder (D:3)
  6 slime creatures
  A shadow (D:10)
  9 wraiths
  5 yaks
  2 water elementals (D:11)
  A wyvern (D:10)
  An unseen horror simulacrum (D:8)
  Grum (D:8)
  A basilisk (D:10)
  5 vampire mosquitoes
  Edmund (D:4)
  Menkaure (D:6)
  A water moccasin (D:5)
  Pargi (Sewer)
  A swamp drake (D:8)
  4 orc warriors
  5 sky beasts
  A black bear (D:10)
  6 ice beasts
  An ogre (D:4)
  A centaur (D:4)
  5 wolves (D:8)
  2 kobold brigands
  3 gnoll sergeants
  6 bullfrogs
  2 scorpions (D:5)
  2 necrophages (D:7)
  4 wights (D:10)
  8 electric eels
  6 howler monkeys
  2 spectral centaurs (D:8)
  3 jellies
  5 orc priests
  A gnoll bouda (D:8)
  A hound (D:6)
  5 iguanas
  12 orc wizards
  A spectral killer bee (D:8)
  3 centaur simulacra (D:8)
  12 gnolls
  8 adders
  A river rat (D:10)
  4 white imps
  2 howler monkey simulacra (D:8)
  7 ufetubi
  4 worms
  46 orcs
  7 bats
  9 endoplasms
  2 giant cockroaches
  7 goblins
  7 hobgoblins
  4 jackals (D:4)
  10 kobolds
  6 quokkas
  7 ball pythons
  5 frilled lizards
  2 rats
292 creatures vanquished.

Vanquished Creatures (collateral kills)
  A frilled lizard (Sewer)
1 creature vanquished.

Vanquished Creatures (others)
  A human (D:4)
  2 orcs
  A fungus (D:10)
  13 plants
  18 withered plants (D:8)
35 creatures vanquished.

Grand Total: 328 creatures vanquished

Notes
Turn   | Place    | Note
-------+----------+-------------------------------------------
     0 | D:1      | Icepheonix32 the Minotaur Fighter began the quest for the
                  | Orb.
     0 | D:1      | Reached XP level 1. HP: 19/19 MP: 0/0
   182 | D:1      | Reached XP level 2. HP: 27/27 MP: 1/1
   872 | D:2      | Reached XP level 3. HP: 27/33 MP: 2/2
  1656 | D:3      | Reached XP level 4. HP: 36/41 MP: 3/3
  1674 | D:3      | Reached skill level 5 in Fighting
  1985 | D:3      | Reached XP level 5. HP: 48/48 MP: 4/4
  2095 | D:3      | Noticed Grinder
  2109 | D:3      | Paralysed by Grinder for 2 turns
  2119 | D:3      | Killed Grinder
  2120 | D:3      | Reached skill level 5 in Armour
  2120 | D:3      | Reached XP level 6. HP: 23/57 MP: 5/5
  2378 | D:3      | Reached skill level 5 in Axes
  2925 | D:3      | Gained mutation: You are robust. (+10% HP) [potion of
                  | mutation]
  2925 | D:3      | Gained mutation: Your mind is acute. (Int +4, Str/Dex -1)
                  | [potion of mutation]
  3010 | D:4      | Noticed Edmund
  3027 | D:4      | Killed Edmund
  3028 | D:4      | Reached skill level 1 in Dodging
  3114 | D:4      | Reached XP level 7. HP: 31/69 MP: 6/6
  3387 | D:4      | Found an ancient bone altar of Kikubaaqudgha.
  3390 | D:4      | Noticed a human
  3391 | D:4      | Killed a human
  3557 | D:4      | Found an ornate altar of the Wu Jian Council.
  4154 | D:5      | Entered Level 5 of the Dungeon
  4251 | D:5      | Found a glowing drain.
  4271 | Sewer    | Entered a sewer
  4294 | Sewer    | Noticed Pargi
  4307 | Sewer    | Killed Pargi
  4308 | Sewer    | Reached skill level 5 in Shields
  4472 | Sewer    | Lost mutation: You are robust. (+10% HP) [potion of
                  | mutation]
  4472 | Sewer    | Lost mutation: Your mind is acute. (Int +4, Str/Dex -1)
                  | [potion of mutation]
  4472 | Sewer    | Gained mutation: You have large cloven feet. [potion of
                  | mutation]
  4472 | Sewer    | Gained mutation: You are weak. (Str -2) [potion of
                  | mutation]
  4472 | Sewer    | Gained mutation: You are resistant to electric shocks.
                  | (rElec) [potion of mutation]
  4472 | Sewer    | Gained mutation: You are covered in fur. (AC +1) [potion of
                  | mutation]
  4955 | D:5      | Reached XP level 8. HP: 73/73 MP: 7/7
  5205 | D:6      | Noticed Pikel
  5571 | D:5      | Killed Pikel
  5807 | D:6      | Noticed Menkaure
  6238 | D:6      | Killed Menkaure
  6239 | D:6      | Reached XP level 9. HP: 25/82 MP: 8/8
  6653 | D:6      | Found a glowing silver altar of Zin.
  7289 | D:7      | Found a staircase to the Ecumenical Temple.
  7300 | Temple   | Entered the Ecumenical Temple
  7573 | D:7      | Found a broken altar of Ashenzari.
  7644 | D:7      | Found an opulent altar of Gozag.
  7654 | D:7      | Reached skill level 1 in Stealth
  7964 | D:7      | You fall into a shaft and drop 3 floors!
  7964 | D:10     | Entered Level 10 of the Dungeon
  7972 | D:10     | Noticed an elephant
  8022 | D:10     | Killed an elephant
  8311 | D:10     | Found a staircase to the Lair.
  8355 | D:10     | Noticed Josephine
  8367 | D:10     | Reached skill level 5 in Dodging
  8367 | D:10     | Reached XP level 10. HP: 58/93 MP: 9/9
  8371 | D:10     | Killed Josephine
  8372 | D:10     | Reached skill level 10 in Fighting
  8372 | D:10     | Reached skill level 10 in Axes
  8732 | D:10     | Noticed a two-headed ogre
  8737 | D:10     | Killed a two-headed ogre
  8812 | D:8      | Noticed Maurice
  8820 | D:8      | Noticed Maurice
  8820 | D:8      | Maurice changed into Maurice the swamp drake
  8843 | D:8      | Killed Maurice the swamp drake
  8946 | D:8      | Noticed Erica
  9052 | D:8      | Paralysed by a gnoll for 3 turns
  9330 | D:8      | Noticed a skeletal warrior
  9671 | D:8      | Killed a skeletal warrior
  9672 | D:8      | Reached skill level 1 in Throwing
  9672 | D:8      | Reached XP level 11. HP: 9/102 MP: 2/10
 10036 | D:7      | Killed Erica
 10203 | D:8      | Noticed Grum
 10215 | D:8      | Killed Grum
 10254 | D:8      | Found the +4 dagger "Morg" {pain, Will+ Int+5}
 10315 | D:8      | Found a snail-covered altar of Cheibriados.
 11402 | D:9      | Found a shimmering blue altar of Sif Muna.
 11838 | D:9      | Found a shimmering altar of Xom.
 11839 | D:9      | Found a hazy altar of Hepliaklqana.
 11841 | D:9      | Found a bloodstained altar of Trog.
 11841 | D:9      | Found an iron altar of Okawaru.
 11845 | D:9      | Became a worshipper of Warmaster Okawaru
 12373 | D:10     | Found a sacrificial altar of Ru.
 12471 | D:10     | Noticed a two-headed ogre
 12481 | D:10     | Killed a two-headed ogre
 12925 | D:11     | Reached * piety under Okawaru
 13151 | D:11     | Noticed a two-headed ogre
 13160 | D:11     | Killed a two-headed ogre
 13160 | D:11     | Reached ** piety under Okawaru
 13161 | D:11     | Reached skill level 10 in Armour
 13691 | D:11     | Noticed a purple ugly thing
 13710 | D:11     | Killed a purple ugly thing
 13711 | D:11     | Reached XP level 12. HP: 98/115 MP: 8/11
 13712 | D:11     | Reached skill level 1 in Evocations
 13993 | D:11     | Reached *** piety under Okawaru
 14011 | D:11     | Found a staircase to the Orcish Mines.
 14389 | D:12     | Noticed a boulder beetle
 14392 | D:12     | a boulder beetle changed into a shock serpent
 14522 | D:12     | Annihilated by an enormous slime creature

Illustrated notes

Levels and vault maps discovered:
D:1:      psy_arrival_basics, layout_basic
D:2:      layout_loops_ring, minivault_24
D:3:      corexii_shack_village, layout_loops_ring, uniq_grinder
D:4:      layout_basic, tgw_kikubaaqudgha, mainiacjoe_overflow_tiny_flanked,
          uniq_edmund
D:5:      layout_basic, cheibrodos_sewer_entry_sluice
D:6:      layout_loops_ring, zin_academy, uniq_menkaure, uniq_pikel
D:7:      layout_loops_corners, mainiacjoe_overflow_24_doors,
          mainiacjoe_overflow_concentric_impassable, minmay_temple_entry_ruins
D:8:      nzn_winding_woodlands_small [nzn_winding_woodlands_5x15_split_checker,
          nzn_winding_woodlands_center_diamonds,
          nzn_winding_woodlands_5x15_sawtooth], layout_loops_ring, slow_altar_1,
          serial_ice, serial_ice_l, serial_ice_h, serial_ice_o, serial_ice_f,
          serial_ice_e, serial_ice_b, serial_ice_m, dilly_guarded_unrand_morg,
          uniq_grum, uniq_erica, uniq_maurice
D:9:      layout_loops_ring, mainiacjoe_overflow_brackets,
          mainiacjoe_overflow_alcove_3, chequers_serial_rivers_micro_d,
          minmay_misc_feat_diagonals, minivault_20, hangedman_decor_push,
          st_stairs_10, minmay_misc_feat_columns
D:10:     layout_small_grid, nicolae_ru_path_of_blood, david_lair_generic,
          chequers_big_river, amcnicky_mini_pool_small, uniq_josephine
D:11:     layout_basic, erik_orc_2, minivault_22
D:12:     layout_stronghold
Temple:   nicolae_temple_bog_church

Skill      XL: |  1  2  3  4  5  6  7  8  9 10 11 12 |
---------------+-------------------------------------+-----
Fighting       | 4 5 6 7 8 9 11 13 | 13.2
Armour         | 4 5 6 7 8 9 10 | 10.3
Axes           | 3 4 5 6 8 9 11 12 13 | 13.0
Shields        | 4 5 6 7 8 |  8.0
Dodging        | 1 2 5 6 7 |  7.5
Stealth        | 1 3 |  3.1
Throwing       | 1 2 3 |  3.3
Evocations     | 1 |  1.1

Action                   |  1- 3 |  4- 6 |  7- 9 | 10-12 || total
-------------------------+-------+-------+-------+-------++-------
Melee: War axe           |    20 |       |       |       ||    20
       Headbutt          |     7 |    17 |    61 |   105 ||   190
       Hand axe          |    45 |    97 |   305 |   388 ||   835
Throw: Boomerang         |       |       |       |    56 ||    56
Invok: Heroism           |       |       |       |     2 ||     2
Evoke: Wand              |       |       |     2 |    10 ||    12
  Use: Potion            |       |    10 |     7 |     4 ||    21
       Scroll            |       |    12 |     5 |     6 ||    23
 Stab: Paralysed         |       |       |       |     5 ||     5
Armor: Scale mail        |    30 |    49 |   154 |   158 ||   391
       Skin              |       |       |    96 |       ||    96
Dodge: Dodged            |    23 |    25 |   121 |   176 ||   345
Block: Buckler           |     7 |    26 |    80 |    85 ||   198
